 Dungeon Crawl Stone Soup version 0.19.1 (webtiles) character file.

201 galech the Covered (level 5, 0/49 HPs)
             Began as a Deep Dwarf Fighter on Dec 8, 2016.
             Slain by Edmund
             ... wielding a +7 flail of draining
              (6 damage)
             ... on level 4 of the Dungeon.
             The game lasted 00:07:16 (2051 turns).

galech the Covered (Deep Dwarf Fighter)             Turns: 2051, Time: 00:07:17

Health: 0/49       AC:  7    Str: 21    XL:     5   Next: 50%
Magic:  5/5        EV:  6    Int:  8    God:
Gold:   161        SH:  7    Dex: 12    Spells: 0 memorised, 4 levels left

rFire  . . .     SeeInvis .     a - +0 war axe
rCold  . . .     Gourm    .     b - +0 scale mail
rNeg   . . .     Faith    .     c - +0 shield
rPois  .         Spirit   .     (no helmet)
rElec  .         Reflect  .     C - +0 cloak
rCorr  .         Harm     .     (no gloves)
MR     .....                    (no boots)
Stlth  ..........               (no amulet)
                                (no ring)
                                (no ring)

@: non-regenerating, very heavily drained
A: damage resistance, recharge devices, sense surroundings 1, slow regeneration
3
a: Device Recharging


You were on level 4 of the Dungeon.
You were not hungry.

You visited 1 branch of the dungeon, and saw 4 of its levels.

You collected 161 gold pieces.

Inventory:

Hand Weapons
 a - a +0 war axe (weapon)
Missiles
 B - 11 tomahawks (quivered)
Armour
 b - a +0 scale mail (worn)
 c - a +0 shield (worn)
 C - a +0 cloak (worn)
Magical Staves
 y - an uncursed staff of poison {unknown}
Wands
 e - a wand of heal wounds (1/9)
 q - a wand of paralysis (7/24)
Scrolls
 i - 2 scrolls of blinking {unknown}
 j - 3 scrolls of enchant weapon {unknown}
 k - a scroll of enchant armour {unknown}
 l - a scroll of noise {unknown}
 m - 4 scrolls of identify {unknown}
 o - 2 scrolls of remove curse {unknown}
 s - a scroll of fog {unknown}
 u - a scroll of amnesia {unknown}
 v - a scroll of immolation {unknown}
Potions
 d - a potion of might
 g - a potion of berserk rage {unknown}
 t - a potion of mutation {unknown}
 w - 2 potions of flight {unknown}
 x - 3 potions of heal wounds
 z - a potion of curing {unknown}
 A - a potion of haste {unknown}
Comestibles
 f - 4 bread rations
 h - 2 beef jerkies
 n - 4 meat rations
 r - 5 fruits


   Skills:
 + Level 3.3(0.0) Fighting
 + Level 4.0(0.0) Axes
 + Level 4.6(0.1) Armour
 + Level 0.2(0.0) Dodging
 + Level 4.2(0.0) Shields


You had 4 spell levels left.
You didn't know any spells.

Dungeon Overview and Level Annotations

Branches:
Dungeon (4/15)
 Temple: D:4-7

Altars:

Annotations:
D:4 Edmund


Innate Abilities, Weirdness & Mutations

You are resistant to damage.
You can recharge devices by infusing magical energy.
You passively map a small area around you.
You do not regenerate.


Message History

You feel drained.
You barely miss Edmund.
Edmund hits you with a flail of draining!
You feel drained. You block Edmund's attack.
You closely miss Edmund.
Edmund hits you with a flail of draining!
* * * LOW HITPOINT WARNING * * *
You feel drained.
You hit Edmund.
Edmund is lightly wounded.
Edmund hits you with a flail of draining.
* * * LOW HITPOINT WARNING * * *
You feel drained.
You closely miss Edmund.
Edmund is lightly wounded.
Edmund hits you with a flail of draining.
* * * LOW HITPOINT WARNING * * *
You feel drained.
Edmund hits you with a flail of draining!
You die...

* *
#....###
#..### *
* * #..#
* ,*
#..# ,#
#.## *
#.###.#
#.....#
#.....#
#....@#
#...(@#
#####.#
#.# ,
*..# ,
..# ,
..# ,,
#.<# ,
,*


You could see Edmund.

Vanquished Creatures
  An ogre (D:4)
  4 adders
  2 worms
  2 leopard geckos (D:1)
  12 orcs (D:3)
  A ball python (D:3)
  3 bats
  3 giant cockroaches
  5 goblins
  8 hobgoblins
  4 kobolds
  2 quokkas
  A frilled lizard (D:4)
  6 rats
54 creatures vanquished.

Notes
Turn   | Place    | Note
-------+----------+-------------------------------------------
     0 | D:1      | galech the Deep Dwarf Fighter began the quest for the Orb.
     0 | D:1      | Reached XP level 1. HP: 20/20 MP: 1/1
   156 | D:1      | Reached XP level 2. HP: 24/27 MP: 2/2
   601 | D:2      | Reached XP level 3. HP: 15/34 MP: 3/3
  1183 | D:3      | Reached XP level 4. HP: 41/42 MP: 4/4
  1956 | D:4      | Noticed an ogre
  1972 | D:4      | Killed an ogre
  1972 | D:4      | Reached XP level 5. HP: 7/49 MP: 5/5
  2027 | D:4      | Noticed Edmund
  2051 | D:4      | Slain by Edmund

Skill      XL: |  1  2  3  4 |
---------------+-------------+-----
Fighting       | 3 |  3.3
Axes           | 3 4 |  4.0
Armour         | 4 |  4.6
Shields        | 4 |  4.2
Dodging        | |  0.2

Action                   |  1- 3 |  4- 6 || total
-------------------------+-------+-------++-------
Melee: War axe           |   138 |    72 ||   210
Evoke: Wand              |     1 |     3 ||     4
  Eat: Chunk             |     1 |     2 ||     3
       Bread ration      |       |     1 ||     1
Armor: Scale mail        |    60 |    24 ||    84
Dodge: Dodged            |    34 |    18 ||    52
Block: Shield            |    74 |    15 ||    89
